 Dungeon Crawl Stone Soup version 0.30-a0-782-ge64f9170bb (webtiles) character file.

Game seed: 6956111677312058830

35620 Dirtsage the Carver (level 13, -8/106 HPs)
             Began as a Demonspawn Fighter on Feb 23, 2023.
             Was an Elder of Wu Jian.
             Mangled by a skyshark (23 damage)
             ... on level 3 of the Lair of Beasts on Feb 24, 2023.
             The game lasted 00:42:21 (15329 turns).

Dirtsage the Carver (Demonspawn Fighter)           Turns: 15329, Time: 00:42:21

Health: -8/106     AC:  6    Str: 16    XL:     13   Next: 48%
Magic:  13/13      EV: 23    Int: 15    God:    Wu Jian [****..]
Gold:   752        SH: 15    Dex: 23    Spells: 12/12 levels left

rFire   x . .      SeeInvis .    k - +5 scimitar (venom)
rCold   + . .      Faith    .    a - +2 buckler
rNeg    . . .      Spirit   .    K - +0 troll leather armour
rPois   .          Reflect  +    (helmet restricted)
rElec   .          Harm     .    (no cloak)
rCorr   .          Rampage  .    y - +1 pair of gloves "Violyant" {Int+4}
Will    .....                    (no boots)
Stlth   ++                       I - amulet of reflection
HPRegen 1.17/turn                E - ring of ice
MPRegen 0.13/turn                P - +6 ring of dexterity

@: repel missiles
A: horns 2, repulsion field 3, demonic guardian 2, foul stench 1
a: Renounce Religion, Wall Jump, Serpent's Lash


You were on level 3 of the Lair of Beasts.
You worshipped Wu Jian.
Wu Jian was greatly pleased with you.
You visited 3 branches of the dungeon, and saw 15 of its levels.
You also visited: Ossuary and Ice Cave.

You collected 904 gold pieces.
You spent 152 gold pieces at shops.

Inventory:

Hand Weapons
 k - a +5 scimitar of venom (weapon)
 A - a +5 antimagic short sword
 G - a +4 falchion
Missiles
 U - 2 throwing nets (quivered)
 V - a curare-tipped dart
Armour
 a - a +2 buckler (worn)
 q - the +3 hat of Pondering {ponderous, Will+ MP+10 Int+5}
   (You took it off Gastronok on level 3 of the Lair of Beasts)

   Int:       It affects your intelligence (+5).
   MP:        It affects your magic capacity (+10).
   Will:      It increases your willpower.
 r - the +1 plate armour of Death Resistance {Will++ Regen+ Dex-4 SInv}
   (You found it in an ice cave)

   Dex:       It affects your dexterity (-4).
   SInv:      It lets you see invisible.
   Regen:     It increases your rate of health regeneration.
   Will:      It greatly increases your willpower.
 y - the +1 pair of gloves "Violyant" (worn) {Int+4}
   (You found it on level 4 of the Dungeon)

   Int:       It affects your intelligence (+4).
 K - a +0 troll leather armour (worn)
 L - a +0 kite shield
Jewellery
 c - an amulet of the acrobat
 E - a ring of ice (left hand)
 F - a ring of protection from fire
 I - an amulet of reflection (around neck)
 P - a +6 ring of dexterity (right hand)
 Z - a ring of flight
Wands
 u - a wand of flame (11)
 D - a wand of digging (2)
 R - a wand of iceblast (8)
Scrolls
 b - a scroll of noise {unknown}
 g - 3 scrolls of fear
 i - 2 scrolls of identify
 j - a scroll of amnesia
 p - 5 scrolls of enchant armour
 s - 3 scrolls of magic mapping
 t - 11 scrolls of teleportation
 v - 6 scrolls of immolation
 x - 2 scrolls of fog
 z - a scroll of butterflies
 B - 2 scrolls of blinking
 C - 6 scrolls of poison
 N - 6 scrolls of vulnerability
 W - a scroll of silence {unknown}
 Y - 2 scrolls of enchant weapon
Potions
 d - a potion of might
 e - 2 potions of ambrosia
 f - 3 potions of lignification {unknown}
 h - 4 potions of mutation {unknown}
 l - 5 potions of heal wounds
 m - a potion of resistance {unknown}
 n - a potion of invisibility {unknown}
 o - 4 potions of degeneration {unknown}
 H - 2 potions of brilliance {unknown}
 J - 3 potions of attraction {unknown}
 M - 2 potions of flight {unknown}
 O - 2 potions of haste {unknown}
 S - a potion of magic {unknown}
 X - a potion of experience {unknown}
Miscellaneous
 w - a phial of floods
 Q - a lightning rod (4/4)
 T - a piece from Xom's chessboard (15/15)


   Skills:
 + Level 11.0 Fighting
 - Level 14.0 Long Blades
 - Level 2.6 Armour
 + Level 9.6 Dodging
 + Level 10.1 Shields


You had 12 spell levels left.
You didn't know any spells.
Your spell library contained the following spells:

 Spells                   Type           Power      Damage    Failure   Level
 Magic Dart               Conj           0%         1d3       36%         1
 Slow                     Hex            0%         N/A       36%         1
 Sting                    Tmut/Pois      0%         1d3       36%         1
 Blink                    Tloc           0%         N/A       52%         2
 Ensorcelled Hibernation  Hex/Ice        0%         N/A       52%         2
 Poisonous Vapours        Pois/Air       0%         N/A       52%         2
 Searing Ray              Conj           0%         2d4       52%         2
 Confusing Touch          Hex            0%         N/A       75%         3
 Ozocubu's Armour         Ice            0%         N/A       75%         3
 Spider Form              Tmut/Pois      0%         N/A       75%         3
 Stone Arrow              Conj/Erth      0%         3d7       75%         3
 Vampiric Draining        Necr           0%         2d6       75%         3
 Anguish                  Hex/Necr       0%         N/A       98%         4
 Animate Armour           Summ/Erth      0%         N/A       98%         4
 Fulminant Prism          Conj/Hex       0%         3d5       98%         4
 Manifold Assault         Tloc           0%         N/A       98%         4
 Olgreb's Toxic Radiance  Pois           0%         N/A       98%         4
 Metabolic Englaciation   Hex/Ice        0%         N/A       100%        5
 Simulacrum               Ice/Necr       0%         N/A       100%        6
 Ozocubu's Refrigeration  Ice            0%         4d7       100%        7
 Storm Form               Tmut/Air       0%         N/A       100%        7
 Lehudib's Crystal Spear  Conj/Erth      0%         10d2      100%        8


Dungeon Overview and Level Annotations

Branches:
Dungeon (11/15)            Temple (1/1) D:5            Lair (3/5) D:11
 Shoals (0/4) Lair:2       Spider (0/4) Lair:2          Orc (0/2) D:11
Ossuary (visited)           IceCv (visited)

Altars:
Ashenzari
Cheibriados
Dithmenos
Fedhas
Gozag
Hepliaklqana
Kikubaaqudgha
Makhleb
Nemelex Xobeh
Okawaru
Qazlal
Ru
Sif Muna
Trog
Uskayaw
Vehumet
Wu Jian
Xom
Yredelemnul

Shops:
D:1 =   D:10 (*

Annotations:
D:4 2 runed translucent doors, derval's ghost, amateur OpSu
Lair:1 2 transporters, Angani's ghost, journeyman DrNe


Innate Abilities, Weirdness & Mutations

You have a pair of horns on your head.
You are surrounded by a strong repulsion field. (EV +4, RMsl)
A demonic guardian rushes to your aid.
You may rarely emit foul miasma when damaged in melee.


Message History

You hit the skyshark. Your headbutt misses the skyshark.
The skyshark is lightly wounded.
The skyshark bites you!
The skyshark tastes blood and grows stronger!
The skyshark tail-slaps you.
You take 9 damage, and have 54/106 hp.
You barely miss the skyshark. You headbutt the skyshark!
The skyshark is moderately wounded.
The skyshark barely misses you. You block the skyshark's attack.
You hit the skyshark.
The skyshark is poisoned.
You headbutt the skyshark, but do no damage.
The skyshark is moderately wounded.
The skyshark bites you.
The skyshark enters a blood-rage!
You block the skyshark's attack. x2; The skyshark tail-slaps you.
You take 10 damage, and have 45/106 hp.
You closely miss the skyshark.
The skyshark is moderately wounded.
You block the skyshark's attack. The skyshark closely misses you.
You hit the skyshark but do no damage.
The skyshark looks as sick as possible!
Your headbutt misses the skyshark.
The skyshark is moderately wounded.
You block the skyshark's attack. x2; The skyshark misses you.
You block the skyshark's attack.
You closely miss the skyshark. You headbutt the skyshark.
The skyshark is moderately wounded.
The skyshark barely misses you. You block the skyshark's attack.
You slice the skyshark!!
The skyshark is severely wounded.
The skyshark bites you! You block the skyshark's attack.
The skyshark bites you!!
* * * LOW HITPOINT WARNING * * *
The skyshark completely misses you.
You take 35 damage, and have 13/106 hp.
MASSIVE DAMAGE!!
You slash the skyshark!
The skyshark looks as sick as possible!
The skyshark is almost dead.
The skyshark misses you. The skyshark completely misses you.
You closely miss the skyshark.
The skyshark is almost dead.
The skyshark bites you!!
You die...

....P#######P.##..
...............^..
.....##.........##
.#.P.............#
.................#
.#...............#
#.<..†......#...#
##...........Y####
#.......†..#.YYl@#
..#....lY##.YY####
..####.Y†#....# .#
#..#Y#.#...# ... P
#.#.h####### .... #
##.+.8Y(### #....
#.....l...# ....#
#.###..FY.###...#
.......##..Y....##.


You could see 2 death yaks, a skyshark (berserk, extremely poisoned) and 3 yaks.

Vanquished Creatures
  Gastronok (Lair:3)
  Fannar (D:10)
  2 catoblepae
  A centaur warrior (D:11)
  2 two-headed ogres (D:11)
  3 death yaks (Lair:3)
  The ghost of Ge0ff the Frost Mage, a novice OpEn of Ashenzari (D:8)
  The ghost of bmj180 the Geomancer, a novice GrEE of Vehumet (D:9)
  An ugly thing (IceCv)
  3 elephants (Lair:3)
  A cyclops (D:11)
  3 ice statues (IceCv)
  A black mamba (Lair:3)
  A merfolk siren (Lair:2)
  Joseph (Lair:1)
  4 molten gargoyles (D:10)
  2 gargoyles
  4 cane toads
  6 komodo dragons
  A freezing wraith (IceCv)
  A troll (D:11)
  2 polar bears
  A merfolk (Lair:2)
  2 slime creatures (D:10)
  9 blink frogs
  2 vampires (D:11)
  3 shadows
  4 culicivoras (Lair:2)
  4 wraiths (D:10)
  3 dire elephant simulacra (IceCv)
  A wyvern (D:11)
  36 yaks
  2 basilisks (Lair:2)
  A steam dragon (D:4)
  A death yak simulacrum (IceCv)
  A harpy simulacrum (IceCv)
  2 acid dragons
  10 water moccasins
  2 ice beasts
  4 black bears
  5 orc warriors
  6 wolves (Lair:2)
  5 ogres
  2 centaurs (D:7)
  5 kobold brigands
  Blork the orc (D:4)
  11 bullfrogs
  A cane toad simulacrum (IceCv)
  2 gnoll sergeants
  2 elf skeletons (D:8)
  A necrophage (D:4)
  3 scorpions (D:5)
  9 wights
  An elephant simulacrum (IceCv)
  7 killer bees (D:9)
  An electric eel (Lair:2)
  2 howler monkeys (D:11)
  5 quasits (D:8)
  4 centaur zombies (Ossuary)
  2 bullfrog zombies (Ossuary)
  8 orc priests
  9 hounds
  2 gnoll boudas
  A human skeleton (D:8)
  2 iguanas
  2 scorpion zombies (Ossuary)
  12 orc wizards
  A polar bear simulacrum (IceCv)
  A wolf simulacrum (IceCv)
  20 gnolls
  11 adders
  2 shadow imps
  3 adder zombies (Ossuary)
  3 worms
  3 dart slugs (D:1)
  34 orcs
  4 ball pythons
  4 endoplasms
  9 giant cockroaches
  10 goblins
  13 hobgoblins
  10 kobolds
  3 quokkas
  4 bats (D:1)
  3 frilled lizards
  A gnoll zombie (Ossuary)
  6 goblin zombies (Ossuary)
  2 hobgoblin zombies (Ossuary)
  An orc skeleton (D:8)
  10 orc zombies
  13 rats
413 creatures vanquished.

Vanquished Creatures (collateral kills)
  A cyclops (D:11)
  A wight (D:4)
  A killer bee (D:11)
  An orc wizard (D:3)
  2 adders (D:2)
  4 orcs
  2 kobolds (D:8)
12 creatures vanquished.

Vanquished Creatures (others)
  A manticore (D:11)
  An orc (D:7)
  5 fungi (Lair:2)
  25 plants
32 creatures vanquished.

Grand Total: 457 creatures vanquished

Notes
Turn   | Place    | Note
-------+----------+-------------------------------------------
     0 | D:1      | Dirtsage the Demonspawn Fighter began the quest for the
                  | Orb.
     0 | D:1      | Reached XP level 1. HP: 18/18 MP: 1/1
    89 | D:1      | Reached skill level 2 in Long Blades
   160 | D:1      | Gained mutation: You are surrounded by a mild repulsion
                  | field. (EV +2) [demonic ancestry]
   160 | D:1      | Reached XP level 2. HP: 22/24 MP: 2/2
   357 | D:1      | Reached skill level 3 in Long Blades
   482 | D:1      | Found Cujusit's Jewellery Boutique.
   519 | D:1      | Gained mutation: A weak demonic guardian rushes to your
                  | aid. [demonic ancestry]
   519 | D:1      | Reached XP level 3. HP: 28/29 MP: 3/3
  1094 | D:2      | Found a shadowy altar of Dithmenos.
  1150 | D:2      | Reached XP level 4. HP: 26/35 MP: 4/4
  1162 | D:2      | Reached skill level 4 in Long Blades
  1247 | D:2      | HP: 1/35 [gnoll/+0 club (4)]
  1810 | D:3      | Found a bloodstained altar of Trog.
  2026 | D:3      | Gained mutation: You are surrounded by a moderate repulsion
                  | field. (EV +3) [demonic ancestry]
  2026 | D:3      | Reached XP level 5. HP: 39/41 MP: 5/5
  2125 | D:2      | Reached skill level 5 in Long Blades
  2185 | D:2      | Found a faded altar of an unknown god.
  2702 | D:4      | Noticed a black bear
  2877 | D:4      | Reached XP level 6. HP: 47/47 MP: 6/6
  2896 | D:4      | Identified the +1 pair of gloves "Violyant" {Int+4}
  2908 | D:4      | Reached skill level 6 in Long Blades
  3469 | D:4      | Noticed Blork the orc
  3475 | D:4      | Killed Blork the orc
  3476 | D:4      | Reached skill level 7 in Long Blades
  3476 | D:4      | Gained mutation: You have a pair of small horns on your
                  | head. [demonic ancestry]
  3476 | D:4      | Reached XP level 7. HP: 52/52 MP: 7/7
  3711 | D:4      | Noticed a steam dragon
  3723 | D:4      | Killed a steam dragon
  3831 | D:4      | Reached skill level 8 in Long Blades
  4015 | D:4      | Found a large runed translucent door.
  4015 | D:4      | Found a large runed translucent door.
  4017 | D:4      | Noticed derval's ghost (amateur OpSu)
  4059 | D:4      | HP: 2/52 [something (4)]
  4067 | D:5      | Entered Level 5 of the Dungeon
  4072 | D:5      | Gained mutation: You may rarely emit foul miasma when
                  | damaged in melee. [demonic ancestry]
  4072 | D:5      | Reached XP level 8. HP: 6/58 MP: 8/8
  4266 | D:4      | Reached skill level 9 in Long Blades
  5186 | D:5      | Found a burning altar of Makhleb.
  5234 | D:5      | Found a staircase to the Ecumenical Temple.
  5246 | D:5      | Reached skill level 10 in Long Blades
  5265 | Temple   | Entered the Ecumenical Temple
  5512 | D:5      | Found a blossoming altar of Fedhas.
  5514 | D:5      | Found a sacrificial altar of Ru.
  6111 | D:6      | Found a shimmering blue altar of Sif Muna.
  6230 | D:6      | Reached skill level 11 in Long Blades
  6230 | D:6      | Gained mutation: You have a pair of horns on your head.
                  | [demonic ancestry]
  6230 | D:6      | Reached XP level 9. HP: 56/63 MP: 9/9
  6606 | D:5      | Found a snail-covered altar of Cheibriados.
  6839 | D:7      | Found an iron altar of Okawaru.
  6910 | D:7      | Found a sparkling altar of Nemelex Xobeh.
  7541 | D:7      | Reached skill level 12 in Long Blades
  7924 | D:8      | Found a transporter.
  7925 | D:8      | Noticed Ge0ff's ghost (novice OpEn)
  7937 | D:8      | Found a transporter.
  8036 | D:8      | Found a sand-covered staircase.
  8046 | Ossuary  | Entered an ossuary
  8204 | Ossuary  | Noticed a silent spectre
  8338 | D:8      | Reached skill level 1 in Dodging
  8379 | D:8      | Reached XP level 10. HP: 21/69 MP: 10/10
  8422 | D:9      | Noticed bmj180's ghost (novice GrEE)
  8422 | D:9      | Found a runed translucent gate.
  8422 | D:9      | Found a runed translucent gate.
  8422 | D:9      | Found a runed translucent gate.
  8731 | D:8      | Reached skill level 13 in Long Blades
  9269 | D:8      | Killed Ge0ff's ghost
  9415 | D:9      | Killed bmj180's ghost
  9477 | D:9      | Found a stormy altar of Qazlal.
  9538 | D:9      | Reached skill level 5 in Fighting
  9732 | D:9      | Found a hazy altar of Hepliaklqana.
 10053 | D:9      | Found an ancient bone altar of Kikubaaqudgha.
 10059 | D:9      | Found an ornate altar of the Wu Jian Council.
 10067 | D:9      | Became a worshipper of the Wu Jian Council
 10305 | D:9      | Reached skill level 5 in Shields
 10496 | D:10     | Entered Level 10 of the Dungeon
 10636 | D:10     | Found Wuuhuloupa's General Store.
 10644 | D:10     | Reached XP level 11. HP: 73/81 MP: 11/11
 10796 | D:10     | Bought a scroll of brand weapon for 152 gold pieces
 11238 | D:10     | Reached skill level 5 in Dodging
 11528 | D:10     | Found Wohagis's Weapon Boutique.
 11764 | D:10     | Reached * piety under Wu Jian
 12149 | D:11     | Noticed Fannar
 12316 | D:11     | Reached skill level 14 in Long Blades
 12495 | D:11     | Noticed a two-headed ogre
 12517 | D:10     | Killed Fannar
 12595 | D:11     | Found a staircase to the Orcish Mines.
 12595 | D:11     | Reached ** piety under Wu Jian
 12748 | D:11     | Killed a two-headed ogre
 12749 | D:11     | Gained mutation: You are surrounded by a strong repulsion
                  | field. (EV +4, RMsl) [demonic ancestry]
 12749 | D:11     | Reached XP level 12. HP: 92/92 MP: 12/12
 12763 | D:11     | Noticed a centaur warrior
 12775 | D:11     | Killed a centaur warrior
 12818 | D:11     | Noticed a two-headed ogre
 12825 | D:11     | Killed a two-headed ogre
 13006 | D:11     | Found a staircase to the Lair.
 13212 | Lair:1   | Entered Level 1 of the Lair of Beasts
 13214 | Lair:1   | Saving game... please wait.
 13240 | Lair:1   | Found a frozen archway.
 13277 | IceCv    | Entered an ice cave
 13521 | IceCv    | Identified the +1 plate armour of Death Resistance {Will++
                  | Regen+ Dex-4 SInv}
 13655 | Lair:1   | Noticed a catoblepas
 13684 | Lair:1   | HP: 2/95 [something/blast of calcifying dust (8)]
 13688 | Lair:1   | Killed a catoblepas
 13830 | Lair:1   | Reached *** piety under Wu Jian
 14059 | Lair:1   | Noticed Joseph
 14071 | Lair:1   | Killed Joseph
 14177 | Lair:1   | Saving game... please wait.
 14295 | Lair:1   | Found a transporter.
 14300 | Lair:1   | Found a transporter.
 14313 | Lair:1   | Noticed Angani's ghost (journeyman DrNe)
 14591 | Lair:2   | Found a staircase to the Shoals.
 14601 | Lair:2   | Reached skill level 10 in Fighting
 14649 | Lair:2   | Gained mutation: A demonic guardian rushes to your aid.
                  | [demonic ancestry]
 14649 | Lair:2   | Reached XP level 13. HP: 103/103 MP: 13/13
 14828 | Lair:2   | Found a hole to the Spider Nest.
 14835 | Lair:2   | Reached **** piety under Wu Jian
 15205 | Lair:3   | Noticed Gastronok
 15234 | Lair:3   | Killed Gastronok
 15294 | Lair:3   | Reached skill level 10 in Shields
 15329 | Lair:3   | Mangled by a skyshark

Illustrated notes

Levels and vault maps discovered:
D:1:      dpeg_arrival_another_circle, layout_loops_ring, serial_shops,
          nicolae_shop_statue_plus
D:2:      layout_basic, basic_altar, ebering_ecumenical_altar_webs
D:3:      minmay_octagon_keep, layout_basic, trog_three_pillars_becter,
          kennysheep_decorative_pillar
D:4:      layout_basic, ebering_ghost_disaster_area,
          chequers_serial_rivers_micro_b, uniq_blork_the_orc
D:5:      layout_gridville, nicolae_overflow_hidden_temple,
          minmay_temple_entry_tees
D:6:      layout_loops_ring, lemuel_blue_sif_altar
D:7:      layout_basic, good_gods_temple_1, lemuel_tele_altar,
          okawaru_gym_becter
D:8:      layout_layer_cave, gammafunk_ghost_stat_death,
          nicolae_ossuary_entry_catacombs
D:9:      layout_irregular_city, nicolae_hepliaklqana_hazy_memory,
          nicolae_qazlal_general_emergency, mainiacjoe_overflow_large_starburst,
          ebering_ghost_rock_garden
D:10:     minmay_spotlight, layout_loops_cross, serial_shops, shop,
          kennysheep_mini, minivault_8
D:11:     layout_rooms, david_lair_shrubbed,
          kennysheep_orc_monster_closet_entryway, onia_ninara_cookie,
          uniq_fannar
Temple:   hellmonk_temple_of_storms
Lair:1:   layout_concentric_octagons, gammafunk_ghost_hive,
          portal_ice_cave_entry_pillars_2, infiniplex_staircase_pool_2,
          grunt_megastairs_3, uniq_joseph
Lair:2:   layout_roguey, elwin_shoals_entry_rooms,
          hellmonk_spider_entry_life_and_decay, serial_bayou_shore_b
Lair:3:   layout_misc_corridors, serial_bayou_shore_a, grunt_megastairs_4,
          serial_bayou_shore_b, lemuel_fruit_fields, uniq_gastronok

Skill      XL: |  1  2  3  4  5  6  7  8  9 10 11 12 13 |
---------------+----------------------------------------+-----
Long Blades    | 2 3 4 5 7 8 11 12 13 14 | 14.0
Dodging        | 1 4 6 8 9 |  9.6
Shields        | 3 5 7 9 10 | 10.1
Fighting       | 5 8 10 11 | 11.0
Armour         | |  2.6

Action                     |  1- 3 |  4- 6 |  7- 9 | 10-12 | 13-15 || total
---------------------------+-------+-------+-------+-------+-------++-------
  Melee: Long sword        |   120 |   220 |   109 |       |       ||   449
         Headbutt          |       |       |    72 |   149 |    47 ||   268
         Scimitar          |       |       |   277 |   641 |   197 ||  1115
  Throw: Throwing net      |       |       |       |     2 |       ||     2
         Dart              |       |       |       |     1 |       ||     1
Ability: Lunge             |       |       |       |    28 |     7 ||    35
         Whirlwind         |       |       |       |    73 |    53 ||   126
  Evoke: Wand              |       |     2 |     4 |     9 |     2 ||    17
         Phial of floods   |       |     1 |     1 |     1 |       ||     3
         Lightning rod     |       |       |       |     2 |     2 ||     4
    Use: Potion            |       |       |     3 |     6 |       ||     9
         Scroll            |       |       |     8 |     7 |       ||    15
   Stab: Petrified         |       |       |       |       |    10 ||    10
         Petrifying        |       |       |       |       |     2 ||     2
 Armour: Scale mail        |    58 |    83 |   140 |   100 |       ||   381
         Troll leather arm |       |       |       |     8 |    11 ||    19
  Dodge: Dodged            |    67 |   120 |   141 |   269 |    64 ||   661
         Repelled          |       |       |       |     1 |       ||     1
  Block: Buckler           |    23 |    48 |    88 |   238 |    83 ||   480
         Reflection        |       |       |     1 |     5 |       ||     6

Table legend: (Time is in decaauts)
 A = Elapsed time spent in this place.
 B = Non-inter-level travel time spent in this place.
 C = Inter-level travel time spent in this place.
 D = Time resting spent in this place.
 E = Time spent auto-exploring this place.
 F = Levels seen in this place.
 G = Mean time per level.
                   A        B        C        D        E       F      G
               +--------+--------+--------+--------+--------+-----+--------+
         Total |  15262 |  14704 |    558 |   1268 |  10426 |  17 |  897.8 |
       Dungeon |  12922 |  12399 |    523 |   1102 |   8977 |  11 | 1174.7 |
        Temple |     64 |     64 |      0 |      0 |     52 |   1 |   64.0 |
          Lair |   1803 |   1769 |     34 |     57 |   1262 |   3 |  601.0 |
       Ossuary |    194 |    194 |      0 |      0 |    100 |   1 |  194.0 |
      Ice Cave |    276 |    276 |      0 |    109 |     35 |   1 |  276.0 |
               +--------+--------+--------+--------+--------+-----+--------+

Top non-repeatable levels by time:
     D:4: 1808 daAuts
    D:10: 1732 daAuts
     D:8: 1315 daAuts
     D:9: 1228 daAuts
     D:3: 1158 daAuts
     D:6: 1104 daAuts
     D:1: 1005 daAuts
    D:11: 934 daAuts
     D:5: 897 daAuts
     D:2: 884 daAuts
     D:7: 853 daAuts
  Lair:1: 853 daAuts
  Lair:2: 825 daAuts
   IceCv: 276 daAuts
 Ossuary: 194 daAuts
